 Dungeon Crawl Stone Soup version 0.26-a0-104-gef3e9dd61f (webtiles) character file.

Game seed: 16797167865612899662

142 MrRokkomies the Grasshopper (level 5, -1/25 HPs)
             Began as a Spriggan Warper on June 22, 2020.
             Killed from afar by Sigmund (6 damage)
             ... with a magic dart
             ... on level 2 of the Dungeon.
             The game lasted 00:05:35 (2597 turns).

MrRokkomies the Grasshopper (Spriggan Warper)       Turns: 2597, Time: 00:05:36

Health: -1/25      AC:  2    Str: 14    XL:     5   Next: 4%
Magic:  10/10      EV: 20    Int: 14    God:
Gold:   115        SH:  0    Dex: 16    Spells: 5/9 levels left

rFire    . . .     SeeInvis +   b - +1 hunting sling (freeze)
rCold    . . .     Gourm    .   (shield restricted)
rNeg     . . .     Faith    .   i - +0 robe
rPois    .         Spirit   .   (helmet restricted)
rElec    .         Reflect  .   (no cloak)
rCorr    +         Harm     .   (gloves unavailable)
MR       .....                  (boots unavailable)
Stlth    ++........             (no amulet)
HPRegen  0.08/turn              n - ring of resist corrosion
MPRegen  0.12/turn              g - +6 ring of strength

@: very quick
A: very small, unfitting armour, see invisible, herbivore, speed 3, slow
metabolism 2
a: no special abilities


You were on level 2 of the Dungeon.
You were not hungry.

You visited 1 branch of the dungeon, and saw 2 of its levels.

You collected 115 gold pieces.

Inventory:

Hand Weapons
 a - a +0 short sword
 b - a +1 hunting sling of freezing (weapon)
 l - a +0 hunting sling of freezing
Missiles
 e - 5 boomerangs of dispersal
 h - 17 sling bullets (quivered)
 k - 99 stones
Armour
 i - a +0 robe (worn)
Jewellery
 g - a +6 ring of strength (right hand)
 n - a ring of resist corrosion (left hand)
 q - an uncursed ring of flight {unknown}
Scrolls
 d - 2 scrolls of blinking
 p - a scroll of fog {unknown}
Potions
 c - 2 potions of curing
 j - a potion of might {unknown}
 m - 2 potions of ambrosia {unknown}
 o - a potion of berserk rage {unknown}
Comestibles
 f - 6 rations


   Skills:
 - Level 1.5 Fighting
 * Level 3.9 Short Blades
 + Level 1.4(1.6) Slings
 - Level 1.0(1.2) Throwing
 + Level 4.7 Dodging
 - Level 1.7 Stealth
 - Level 2.6 Spellcasting
 * Level 5.6 Translocations


You had 5 spell levels left.
You knew the following spells:

 Your Spells              Type           Power        Failure   Level  Hunger
a - Shroud of Golubria    Chrm/Tloc      #.....       11%         2    ###....
b - Blink                 Tloc           N/A          3%          2    ###....

Your spell library contained the following spells:

 Spells                   Type           Power        Failure   Level  Hunger
 Gell's Gravitas          Tloc           ###.......   6%          3    ###....
 Lesser Beckoning         Tloc           ###.......   6%          3    ###....
 Teleport Other           Tloc           ###.....     6%          3    ###....
 Passage of Golubria      Tloc           N/A          22%         4    #####..


Dungeon Overview and Level Annotations

Branches:
Dungeon (2/15)

Altars:

Annotations:
D:2 Sigmund


Innate Abilities, Weirdness & Mutations

You are very small and have problems with some larger weapons.
You are too small for most types of armour.
You have supernaturally acute eyesight. (SInv)
You are a herbivore.
You cover ground extremely quickly.
You need to consume almost no food.


Message History

Press: ? - help, Shift-Dir - straight line, f/p - Sigmund
Aim: Sigmund, wielding a +5 scythe of protection and wearing a +0 robe (severely wounded, slightly transparent)
You shoot a sling bullet.
The sling bullet hits Sigmund but does no damage.
Sigmund is severely wounded.
Sigmund points at you and mumbles some strange words.
You easily resist.
Firing (i - inventory. (/) - cycle)
h - 19 sling bullets (quivered)
Press: ? - help, Shift-Dir - straight line, f/p - Sigmund
Aim: Sigmund, wielding a +5 scythe of protection and wearing a +0 robe (severely wounded, slightly transparent)
You shoot a sling bullet. The sling bullet barely misses Sigmund.
Firing (i - inventory. (/) - cycle)
h - 18 sling bullets (quivered)
Press: ? - help, Shift-Dir - straight line, f/p - Sigmund
Aim: Sigmund, wielding a +5 scythe of protection and wearing a +0 robe (severely wounded, slightly transparent)
You shoot a sling bullet. The sling bullet hits Sigmund!
The sling bullet freezes Sigmund.
Sigmund is almost dead.
Sigmund casts a spell at you. The magic dart hits you.
You die...

#.# # ####.##....# #(# #†#####.#
#.# #.# #.# #(# #.# #.# #.#
#.#####.# #.# #....##.# #@#
####.##.# #.# ##########.##.# #.#
.........@.##.# #
#.############....##.# ..
#..(...(..@(@..##.##.###########.
#################.##.............
...).)....)..)....#############..
########################## #..
#.........# #.. .
#.#######†######.. ..
#.................


You could see Sigmund (invisible).

Vanquished Creatures
  4 gnolls (D:2)
  4 adders (D:2)
  4 dart slugs (D:1)
  A leopard gecko (D:2)
  8 giant cockroaches
  9 goblins
  7 hobgoblins
  7 kobolds
  A quokka (D:2)
  5 bats
  4 frilled lizards (D:1)
  8 rats
62 creatures vanquished.

Notes
Turn   | Place    | Note
-------+----------+-------------------------------------------
     0 | D:1      | MrRokkomies the Spriggan Warper began the quest for the
                  | Orb.
     0 | D:1      | Reached XP level 1. HP: 10/10 MP: 5/5
   256 | D:1      | Reached skill level 1 in Stealth
   270 | D:1      | Reached XP level 2. HP: 14/14 MP: 6/6
   280 | D:1      | Learned a level 2 spell: Shroud of Golubria
   283 | D:1      | Learned a level 2 spell: Blink
   925 | D:1      | Reached XP level 3. HP: 18/18 MP: 8/8
  1790 | D:2      | Reached skill level 5 in Translocations
  1922 | D:2      | Reached XP level 4. HP: 22/22 MP: 9/9
  1924 | D:2      | Reached skill level 1 in Slings
  2179 | D:2      | Noticed Sigmund
  2218 | D:2      | Reached XP level 5. HP: 10/25 MP: 10/10
  2597 | D:2      | Killed from afar by Sigmund

Illustrated notes

Levels and vault maps discovered:
D:1:      dpeg_arrival_brainrot, layout_loops_corners, minmay_nonomino_d4
D:2:      layout_basic, uniq_sigmund

Skill      XL: |  1  2  3  4 |
---------------+-------------+-----
Stealth        | 1 |  1.7
Dodging        | 4 |  4.7
Short Blades   | 3 |  3.9
Translocations | 5 |  5.6
Slings         | 1 |  1.4
Fighting       | |  1.5
Throwing       | |  1.0
Spellcasting   | |  2.6

Action                   |  1- 3 |  4- 6 || total
-------------------------+-------+-------++-------
Melee: Short sword       |    76 |       ||    76
 Fire: Hunting sling     |    65 |    85 ||   150
  Use: Scroll            |     1 |       ||     1
       Potion            |       |     1 ||     1
Armor: Robe              |     5 |       ||     5
Dodge: Dodged            |    67 |    32 ||    99

Table legend:
 A = Non-vault XP
 B = Vault XP
 C = Vault XP percentage of total XP
 D = Non-vault monster count
 E = Vault monster count
 F = Vault count percentage of total count
                 A         B        C        D         E       F
            +---------+---------+-------+---------+---------+-------
      Total |     196 |       8 |   3.9 |      56 |       6 |   9.7
            +---------+---------+-------+---------+---------+-------
        D:1 |      62 |       8 |  11.4 |      32 |       6 |  15.8
        D:2 |     134 |       0 |   0.0 |      24 |       0 |   0.0
            +---------+---------+-------+---------+---------+-------
